Map: Proxima Station LE

Players

Neuro

  • Race: Zerg Zerg
  • League: Grandmaster
  • Spawn Location: 1:00

yungCreach (Creature) - Winner!

  • Race: Protoss Protoss
  • League: Grandmaster
  • Spawn Location: 7:00

VOD

Have the link to the VOD?

Description

Time

  • Played on: April 26, 2017, 9:27 p.m.
  • Length: 10:49
Show
View Real Time Build Order
Export as new Build Order

Neuro Zerg 

Build Orders: Hatch First 

Get SALT Encoding   

  12  0:01  Drone  
  13  0:13  Overlord  
  13  0:17  Drone  
  14  0:31  Drone x2  
  14  0:35  Drone  
  17  0:53  Hatchery  
  17  0:55  Drone  
  17  0:59  Drone  
  18  1:09  Extractor  
  17  1:15  Spawning Pool  
  17  1:17  Drone  
  17  1:20  Drone  
  18  1:29  Drone  
  19  1:41  Overlord  
  19  1:51  Drone  
  20  2:01  Queen  
  20  2:03  Zergling x2  
  20  2:04  Queen  
  20  2:05  Zergling x2  
  26  2:12  Metabolic Boost  
  26  2:14  Drone  
  27  2:21  Drone  
  28  2:24  Drone  
  28  2:27  Drone  
  30  2:38  Hatchery  
  30  2:40  Drone  
  30  2:48  Overlord  
  30  2:51  Drone x2  
  32  2:58  Queen  
  32  3:00  Drone x2  
  36  3:20  Drone x8  
  44  3:28  Overlord  
  44  3:30  Overlord  
  44  3:35  Extractor  
  44  3:40  Overlord  
  43  3:44  Drone  
  43  3:46  Queen  
  43  3:48  Drone  
  47  3:49  Drone x3  
  47  3:53  Queen  
  47  3:55  Queen  
  54  3:58  Drone  
  54  3:59  Drone  
  54  4:00  Drone  
  55  4:18  Drone x7  
  55  4:22  Lair  
  62  4:33  Roach Warren  
  61  4:39  Drone x3, Spore Crawler  
  61  4:41  Drone x3, Spore Crawler  
  61  4:43  Spore Crawler  
  61  4:45  Overlord  
  64  4:46  Overlord  
  64  4:50  Zergling x10  
  69  4:55  Queen  
  70  5:19  Roach  
  70  5:20  Roach x4  
  78  5:23  Drone x5  
  78  5:24  Drone x2  
  81  5:28  Queen  
  81  5:31  Extractor  
  81  5:34  Hydralisk Den  
  81  5:35  Drone x6, Extractor  
  85  5:36  Evolution Chamber  
  85  5:40  Overseer  
  82  5:42  Hatchery  
  82  5:44  Drone x4  
  85  5:50  Glial Reconstitution  
  85  5:52  Extractor  
  85  5:53  Extractor  
  85  5:57  Overlord  
  83  5:58  Overlord x2  
  83  5:59  Pneumatized Carapace  
  83  6:05  Baneling Nest  
  82  6:11  Roach  
  82  6:12  Roach  
  82  6:13  Overlord  
  82  6:14  Overlord x5  
  82  6:16  Zerg Melee Weapons Level 1  
  86  6:22  Roach x3  
  90  6:30  Roach  
  90  6:31  Roach x3  
  81  6:43  Roach  
  74  6:47  Roach x4  
  74  6:48  Roach, Queen x2  
  81  6:55  Overseer  
  81  6:57  Roach x2  
  84  7:03  Roach x3  
  84  7:07  Roach x2  
  84  7:18  Roach x5  
  90  7:26  Roach  
  90  7:27  Roach x2  
  86  7:36  Roach x4  
  84  7:40  Roach x3  
  90  7:45  Drone x3  
  93  8:13  Muscular Augments  
  93  8:14  Zerg Missile Weapons Level 1  
  93  8:17  Hydralisk x3  
  93  8:19  Queen  
  99  8:20  Queen x2  
  104  8:40  Drone x3  
  107  8:56  Lair, Hatchery  
  106  9:05  Hydralisk x9  
  124  9:14  Spore Crawler  
  124  9:16  Overlord  
  123  9:17  Overlord  
  123  9:18  Overlord  
  123  9:21  Hydralisk x3  
  129  9:44  Hydralisk  
  129  9:45  Hydralisk x4  
  139  9:47  Drone x7  
  146  10:00  Hydralisk  
  146  10:01  Overseer, Hydralisk x2  
  152  10:10  Hydralisk x2  
  146  10:19  Hydralisk x2  
  150  10:25  Zergling x22  
Show
View Real Time Build Order
Export as new Build Order

yungCreach Protoss - Winner!

Build Orders: 1 Gate Expand, Zealot Archon, Dark Templar Rush 

Get SALT Encoding   

  12  0:00  Probe (Chrono Boost)  
  13  0:11  Probe (Chrono Boost)  
  14  0:22  Pylon  
  14  0:23  Probe (Chrono Boost)  
  15  0:41  Gateway, Probe (Chrono Boost)  
  16  0:51  Probe (Chrono Boost)  
  16  0:52  Assimilator  
  17  1:02  Probe (Chrono Boost)  
  18  1:12  Probe (Chrono Boost)  
  19  1:21  Nexus  
  19  1:24  Probe (Chrono Boost)  
  20  1:34  Cybernetics Core  
  20  1:37  Probe (Chrono Boost)  
  21  1:41  Assimilator  
  21  1:50  Pylon  
  21  1:52  Probe (Chrono Boost)  
  22  2:02  Probe (Chrono Boost)  
  22  2:07  Adept  
  23  2:10  Warp Gate  
  23  2:15  Probe (Chrono Boost)  
  27  2:30  Probe (Chrono Boost), Twilight Council  
  27  2:34  Probe (Chrono Boost)  
  30  2:40  Stalker  
  30  2:41  Probe (Chrono Boost)  
  31  2:44  Probe (Chrono Boost)  
  32  2:51  Probe (Chrono Boost)  
  32  2:55  Probe (Chrono Boost)  
  32  2:56  Robotics Facility  
  34  3:02  Probe (Chrono Boost)  
  35  3:07  Probe (Chrono Boost)  
  36  3:14  Probe (Chrono Boost)  
  36  3:18  Probe (Chrono Boost)  
  38  3:23  Dark Shrine  
  38  3:25  Probe (Chrono Boost)  
  39  3:28  Probe (Chrono Boost)  
  39  3:34  Gateway  
  40  3:35  Gateway  
  40  3:38  Gateway  
  40  3:39  Probe (Chrono Boost)  
  41  3:42  Probe (Chrono Boost)  
  41  3:43  Warp Prism  
  44  3:55  Pylon, Probe x2 (Chrono Boost)  
  46  4:02  Assimilator  
  46  4:04  Assimilator  
  46  4:13  Probe (Chrono Boost)  
  48  4:17  Probe (Chrono Boost)  
  48  4:21  Pylon  
  49  4:24  Probe (Chrono Boost)  
  49  4:29  Probe (Chrono Boost)  
  50  4:35  Probe (Chrono Boost)  
  51  4:42  Dark Templar x4  
  59  4:45  Nexus  
  59  4:46  Archon  
  59  4:47  Archon  
  59  4:52  Pylon  
  59  4:54  Pylon  
  59  4:56  Observer  
  59  4:58  Mothership Core (Chrono Boost)  
  62  5:03  Pylon  
  62  5:10  Probe (Chrono Boost)  
  64  5:22  Probe (Chrono Boost)  
  64  5:28  Probe (Chrono Boost)  
  65  5:34  Probe (Chrono Boost)  
  66  5:38  Probe (Chrono Boost)  
  67  5:44  Forge  
  67  5:45  Gateway  
  67  5:46  Probe (Chrono Boost)  
  67  5:48  Gateway  
  67  5:49  Dark Templar x2, Probe (Chrono Boost)  
  73  5:50  Dark Templar x2  
  73  5:53  Archon x2  
  78  5:58  Probe (Chrono Boost)  
  78  6:01  Robotics Facility  
  78  6:02  Probe (Chrono Boost)  
  78  6:03  Pylon  
  79  6:07  Probe (Chrono Boost)  
  79  6:11  Probe (Chrono Boost)  
  81  6:13  Probe (Chrono Boost)  
  82  6:31  Probe (Chrono Boost)  
  83  6:35  Probe (Chrono Boost)  
  83  6:38  Dark Templar x3  
  90  6:46  Probe x2 (Chrono Boost)  
  92  6:48  Immortal  
  96  6:57  Dark Templar  
  96  6:59  Probe (Chrono Boost)  
  100  7:01  Probe (Chrono Boost)  
  100  7:03  Probe (Chrono Boost), Assimilator  
  100  7:04  Assimilator  
  101  7:12  Archon  
  101  7:13  Immortal  
  102  7:17  Probe x2 (Chrono Boost)  
  103  7:36  Probe (Chrono Boost)  
  100  7:41  Probe (Chrono Boost)  
  100  7:42  Probe (Chrono Boost)  
  98  7:45  Immortal  
  98  7:47  Immortal  
  98  7:48  Probe (Chrono Boost)  
  99  7:52  Protoss Ground Weapons Level 1  
  99  7:56  Probe (Chrono Boost)  
  100  8:01  Nexus  
  100  8:03  Stalker x2  
  100  8:04  Stalker x2, Probe (Chrono Boost)  
  109  8:11  Gateway  
  109  8:12  Gateway  
  109  8:14  Pylon  
  109  8:16  Gateway, Pylon  
  109  8:17  Gateway  
  109  8:18  Photon Cannon  
  109  8:22  Photon Cannon  
  109  8:23  Photon Cannon  
  109  8:26  Photon Cannon  
  109  8:27  Immortal  
  109  8:31  Pylon  
  109  8:34  Pylon  
  117  8:35  Stalker x4  
  117  8:37  Charge  
  125  8:49  Gateway  
  125  8:50  Gateway  
  125  8:51  Immortal  
  125  8:52  Gateway  
  125  8:55  Gateway  
  125  9:15  Zealot  
  125  9:16  Zealot x7  
  125  9:17  Zealot x2, Observer  
  146  9:26  Pylon  
  146  9:28  Photon Cannon  
  146  9:29  Photon Cannon  
  146  9:37  Probe (Chrono Boost), Assimilator x2  
  146  9:38  Probe (Chrono Boost)  
  148  9:39  Pylon  
  148  9:42  Pylon  
  148  9:44  Pylon  
  148  9:46  Pylon  
  148  9:48  Dark Templar  
  148  9:49  Dark Templar x6  
  162  9:53  Archon x2  
  162  9:54  Archon  
  162  9:55  Dark Templar  
  162  9:59  Archon  
  164  10:03  Zealot x2  
  168  10:20  Pylon  
  168  10:27  Zealot  
  168  10:28  Zealot x7  
  174  10:29  Zealot x6  
Tags
 
Add a new tag
Caveats
  • Supply blocks, unpowered buildings, or Contaminate may cause inaccurate times.
  • Supply counts are checked every 10 seconds.